 Dungeon Crawl Stone Soup version 0.28.0-43-g3370ac3207 (webtiles) character file.

Game seed: 17529462462994600607

13039 Kaptain the Thaumaturge (level 11, -7/66 HPs)
             Began as a Deep Elf Earth Elementalist on Mar 17, 2022.
             Mangled by a minotaur
             ... wielding a staff of death
              (25 damage)
             ... in a Gauntlet.
             The game lasted 00:38:25 (13838 turns).

Kaptain the Thaumaturge (DEEE)                     Turns: 13838, Time: 00:38:26

Health: -7/66      AC: 18    Str: 13    XL:     11   Next: 70%
Magic:  10/27      EV: 11    Int: 28    God:
Gold:   723        SH:  0    Dex: 15    Spells: 26/31 levels left

rFire   + + .      SeeInvis +   l - +10 trident of Frustration {holy, Int+3}
rCold   x . .      Faith    .   (no shield)
rNeg    . . .      Spirit   .   C - +0 fire dragon scales
rPois   .          Reflect  .   b - +0 helmet
rElec   .          Harm     .   n - +0 cloak
rCorr   .          Rampage  .   (no gloves)
Will    +....      NoTele   +   T - +1 pair of boots of Time Monsters {Fly Str+2 SInv}
Stlth   +.........              Q - amulet of regeneration
HPRegen 1.01/turn               k - +6 ring of strength
MPRegen 0.20/turn               t - +4 ring of protection

@: mighty, brilliant, flying, studying Shields
A: no striking features
a: no special abilities


You were in a Gauntlet.
You visited 3 branches of the dungeon, and saw 11 of its levels.
You also visited: Bailey and Gauntlet.

You collected 879 gold pieces.
You spent 156 gold pieces at shops.

Inventory:

Hand Weapons
 l - the +10 trident of Frustration (weapon) {holy, Int+3}
   (You found it on level 3 of the Dungeon)

   It has been blessed by the Shining One to cause great damage to the undead
   and demons.
   Int:       It affects your intelligence (+3).
 B - the +9 shortbow of Yveo {vorpal, rF+ rN+}
   (You found it on level 7 of the Dungeon)

   Any ammunition fired from it inflicts extra damage upon your enemies.
   rF:        It protects you from fire.
   rN:        It protects you from negative energy.
 M - the +7 falchion "Ovygen" {flame, rF+ Will+ Str+6 Dex+2}
   (You found it on level 8 of the Dungeon)

   It burns those it strikes, dealing additional fire damage.
   Big, fiery blades are also staple armaments of hydra-hunters.
   Str:       It affects your strength (+6).
   Dex:       It affects your dexterity (+2).
   rF:        It protects you from fire.
   Will:      It increases your willpower.
Missiles
 c - 204 stones
 i - 25 poisoned darts
 E - 162 arrows
Armour
 b - a +0 helmet (worn)
 n - a +0 cloak (worn)
 o - +0 steam dragon scales
 r - a +0 robe of cold resistance
 u - a +0 kite shield
 A - a +0 pair of boots
 C - +0 fire dragon scales (worn)
 R - +0 acid dragon scales
 T - the +1 pair of boots of Time Monsters (worn) {Fly Str+2 SInv}
   (You found it in a Gauntlet)

   Str:       It affects your strength (+2).
   SInv:      It lets you see invisible.
   Fly:       It grants you flight.
Magical Staves
 v - a staff of death
 D - a staff of air
Jewellery
 e - a ring of ice
 k - a +6 ring of strength (left hand)
 t - a +4 ring of protection (right hand)
 z - a ring of protection from fire
 K - an amulet of the acrobat
 L - a ring of see invisible
 N - a ring of wizardry
 Q - an amulet of regeneration (around neck)
Wands
 q - a wand of mindburst (14)
 x - a wand of iceblast (15)
 H - a wand of acid (2)
 J - a wand of paralysis (11)
Scrolls
 f - 3 scrolls of teleportation
 g - a scroll of fear
 h - a scroll of amnesia
 p - 3 scrolls of enchant weapon
 w - 2 scrolls of magic mapping
 y - a scroll of enchant armour
 G - a scroll of acquirement
Potions
 a - a potion of heal wounds
 d - 3 potions of curing
 j - a potion of flight
 m - 2 potions of lignification
 F - 2 potions of haste
 I - 2 potions of brilliance
 O - a potion of mutation
Miscellaneous
 P - a phial of floods
 S - a lightning rod (4/4)


   Skills:
 * Level 6.5 Fighting
 + Level 4.4 Armour
 + Level 7.4 Dodging
 - Level 5.0 Stealth
 + Level 4.8 Shields
 * Level 10.7 Spellcasting
 * Level 8.7 Conjurations
 - Level 3.0 Transmutations
 * Level 9.3 Earth Magic


You had 26 spell levels left.
You knew the following spells:

 Your Spells              Type           Power      Damage    Failure   Level
a - Sandblast             Erth           100%       2d20      1%          1
b - Stone Arrow           Conj/Erth      100%       3d13      1%          3
c - Animate Skeleton      Necr           44%        N/A       22%         1

Your spell library contained the following spells:

 Spells                   Type           Power      Damage    Failure   Level
 Passwall                 Tmut/Erth      54%        N/A       2%          2
 Petrify                  Tmut/Erth      65%        N/A       17%         4
 Pain                     Necr           88%        1d8       22%         1
 Ensorcelled Hibernation  Hex/Ice        44%        N/A       32%         2
 Scorch                   Fire           44%        2d7       32%         2
 Spider Form              Tmut/Pois      35%        N/A       34%         3
 Flame Wave               Conj/Fire      56%        2d11      34%         4
 Inner Flame              Hex/Fire       22%        N/A       54%         3
 Tukima's Dance           Hex            22%        N/A       54%         3
 Vampiric Draining        Necr           22%        2d7       54%         3
 Anguish                  Hex/Necr       11%        N/A       91%         4
 Cause Fear               Hex            11%        N/A       91%         4
 Passage of Golubria      Tloc           22%        N/A       91%         4
 Yara's Violent Unravell  Hex/Tmut       17%        3d8       97%         5
 Summon Cactus Giant      Summ           11%        N/A       100%        6
 Discord                  Hex            11%        N/A       100%        8


Dungeon Overview and Level Annotations

Branches:
Dungeon (9/15)             Temple (1/1) D:5            Lair (1/6) D:8
 Bailey (visited)         Gauntlet (1/1)
    Orc: D:9-12

Altars:
Ashenzari
Cheibriados
Dithmenos
Elyvilon
Fedhas
Gozag
Hepliaklqana
Kikubaaqudgha
Makhleb
Nemelex Xobeh
Okawaru
Qazlal
Sif Muna
Trog
Uskayaw
Vehumet
Wu Jian
Xom
Yredelemnul
Zin
The Shining One

Shops:
D:9 !

Annotations:
D:4 3 runed translucent doors, ShadedSkies's ghost, amateur TeAE
D:5 2 transporters
D:8 4 runed translucent doors Gauntlet 6 transporters


Message History

You writhe in agony!
The minotaur gores you but does no damage.
Casting: Stone Arrow (safe; 1% risk of failure)
Confirm with . or Enter, or press ? or * to list all spells.
Aiming: Stone Arrow (safe; 1% risk of failure)
Press: ? - help, Shift-Dir - straight line, f/p - minotaur
Aim: a minotaur, wielding a staff of death, wearing a +0 plate armour and quivering javelins (moderately wounded, 89% to hit)
You feel a surge of power!
The stone arrow hits the minotaur!
The minotaur is heavily wounded.
The minotaur hits you with a staff of death.
You writhe in agony.
The minotaur gores you but does no damage.
Casting: Stone Arrow (safe; 1% risk of failure)
Confirm with . or Enter, or press ? or * to list all spells.
Aiming: Stone Arrow (safe; 1% risk of failure)
Press: ? - help, Shift-Dir - straight line, f/p - minotaur
Aim: a minotaur, wielding a staff of death, wearing a +0 plate armour and quivering javelins (heavily wounded, 89% to hit)
You feel a surge of power!
The stone arrow hits the minotaur!!
The minotaur is almost dead.
The minotaur hits you but does no damage.
You writhe in agony.
The minotaur gores you.
Casting: Stone Arrow (safe; 1% risk of failure)
Confirm with . or Enter, or press ? or * to list all spells.
Aiming: Stone Arrow (safe; 1% risk of failure)
Press: ? - help, Shift-Dir - straight line, f/p - minotaur
Aim: a minotaur, wielding a staff of death, wearing a +0 plate armour and quivering javelins (almost dead, 89% to hit)
You feel a surge of power!
The stone arrow hits the minotaur.
The minotaur is almost dead.
The minotaur closely misses you. The minotaur gores you!
* * * LOW HITPOINT WARNING * * *
Unknown command.
Casting: Stone Arrow (safe; 1% risk of failure)
Confirm with . or Enter, or press ? or * to list all spells.
Aiming: Stone Arrow (safe; 1% risk of failure)
Press: ? - help, Shift-Dir - straight line, f/p - minotaur
Aim: a minotaur, wielding a staff of death, wearing a +0 plate armour and quivering javelins (almost dead, 89% to hit)
You feel a surge of power!
The stone arrow hits the minotaur.
The minotaur is almost dead.
The minotaur hits you with a staff of death!!
You die...

#≈.....................≈#
#≈≈≈#≈≈≈#..∩.8.∩..#≈≈≈#≈≈≈
##≈###≈###.......###≈###≈#
## ################## ##
#...............
#.8.8.8.©.©.8.8.
#...............
#####.###.###.## #@# #.#
.# #...H...... #.###.###.#
#. .# .# # . . #' .. ##


You could see a minotaur.

Vanquished Creatures
  A fire dragon (D:9)
  A centaur warrior (D:9)
  A two-headed ogre (D:5)
  A tengu warrior (D:9)
  A wizard (D:9)
  An oklob plant (Gauntlet)
  A deep elf pyromancer (D:9)
  A mana viper (shapeshifter) (D:9)
  A cyclops (D:9)
  An ice devil (Gauntlet)
  A troll (D:8)
  A hornet (D:9)
  3 shadows (Gauntlet)
  4 humans (D:7)
  3 yaks
  3 steam dragons
  3 wargs (D:8)
  2 acid dragons
  A water moccasin (D:7)
  An ice beast (D:7)
  A sky beast (D:6)
  15 orc warriors
  A hornet zombie (D:7)
  A necrophage (D:7)
  2 ogres
  17 centaurs
  4 kobold brigands
  3 bullfrogs
  3 scorpions
  A wyvern zombie (D:8)
  2 gnoll sergeants
  A water moccasin skeleton (D:6)
  A wight (D:9)
  5 killer bees (D:9)
  2 howler monkeys
  4 centaur zombies
  2 orc priests
  2 hounds
  A centaur skeleton (D:6)
  Natasha (thrice) (D:3)
  6 iguanas
  7 orc wizards
  A hound skeleton (D:5)
  2 howler monkey zombies
  A howler monkey skeleton (D:7)
  7 adders
  A shadow imp (D:7)
  5 white imps
  An ufetubus (D:4)
  2 worms (D:2)
  3 dart slugs
  36 orcs
  5 endoplasms
  A giant cockroach (D:2)
  12 goblins
  5 hobgoblins
  3 jackals (D:1)
  16 kobolds
  4 quokkas
  3 ball pythons
  4 bats
  3 frilled lizards
  10 rats
241 creatures vanquished.

Vanquished Creatures (others)
  A plant (D:8)
1 creature vanquished.

Grand Total: 242 creatures vanquished

Notes
Turn   | Place    | Note
-------+----------+-------------------------------------------
     0 | D:1      | Kaptain the Deep Elf Earth Elementalist began the quest for
                  | the Orb.
     0 | D:1      | Reached XP level 1. HP: 10/10 MP: 6/6
    79 | D:1      | Reached XP level 2. HP: 13/16 MP: 2/8
   307 | D:1      | Found a faded altar of an unknown god.
   725 | D:2      | Reached XP level 3. HP: 20/20 MP: 6/9
   729 | D:2      | Learned a level 3 spell: Stone Arrow
   778 | D:2      | Reached skill level 1 in Conjurations
   784 | D:2      | Reached skill level 1 in Fighting
  1743 | D:3      | Reached XP level 4. HP: 25/25 MP: 11/11
  1773 | D:3      | Identified the +10 trident of Frustration {holy, Int+3}
  1978 | D:3      | Noticed Natasha
  1983 | D:3      | Killed Natasha
  1984 | D:3      | Reached skill level 4 in Spellcasting
  2066 | D:3      | Reached XP level 5. HP: 27/29 MP: 13/13
  2170 | D:3      | Noticed Natasha
  2175 | D:3      | Killed Natasha
  2208 | D:3      | Noticed Natasha
  2212 | D:3      | Killed Natasha
  2213 | D:3      | Reached skill level 1 in Armour
  2786 | D:4      | Found a runed translucent gate.
  2786 | D:4      | Found a runed translucent gate.
  2786 | D:4      | Found a runed translucent gate.
  2934 | D:4      | Noticed an ice beast
  2935 | D:4      | Noticed ShadedSkies's ghost (amateur TeAE)
  2989 | D:4      | Reached XP level 6. HP: 29/35 MP: 8/14
  3372 | D:5      | Entered Level 5 of the Dungeon
  3410 | D:5      | Found a transporter.
  3628 | D:5      | Found a staircase to the Ecumenical Temple.
  3644 | Temple   | Entered the Ecumenical Temple
  3982 | D:5      | Found a transporter.
  4412 | D:5      | Noticed a two-headed ogre
  4451 | D:5      | Killed a two-headed ogre
  4452 | D:5      | Reached skill level 1 in Shields
  4452 | D:5      | Reached skill level 5 in Spellcasting
  4452 | D:5      | Reached skill level 5 in Earth Magic
  4452 | D:5      | Reached XP level 7. HP: 18/41 MP: 2/17
  4452 | D:5      | Reached XP level 8. HP: 20/46 MP: 2/18
  4745 | D:5      | Reached skill level 6 in Spellcasting
  5862 | D:6      | Reached skill level 5 in Stealth
  6111 | D:7      | Reached skill level 5 in Conjurations
  6153 | D:7      | Reached skill level 7 in Spellcasting
  6153 | D:7      | Reached XP level 9. HP: 52/52 MP: 12/21
  6292 | D:7      | Identified the +9 shortbow of Yveo {vorpal, rF+ rN+}
  6543 | D:7      | Reached skill level 5 in Dodging
  7159 | D:8      | Reached skill level 8 in Spellcasting
  7164 | D:8      | Found a staircase to the Lair.
  7843 | D:8      | Found a large runed translucent door.
  7843 | D:8      | Found a large runed translucent door.
  7843 | D:8      | Noticed a komodo dragon
  7846 | D:8      | Found a large runed translucent door.
  7846 | D:8      | Found a large runed translucent door.
  7856 | D:8      | Noticed a water nymph
  7863 | D:8      | Noticed a cyclops
  7863 | D:8      | a water nymph changed into a cyclops
  7872 | D:8      | Noticed an eye of devastation
  7887 | D:8      | Noticed a cyclops
  7887 | D:8      | an eye of devastation changed into a cyclops
  7899 | D:8      | Reached skill level 5 in Fighting
  7899 | D:8      | Reached XP level 10. HP: 48/59 MP: 6/24
  8322 | D:8      | Noticed a two-headed ogre
  8327 | D:8      | HP: 2/59 [two-headed ogre/+0 giant club (7)]
  8646 | D:8      | Noticed a sea snake
  8646 | D:8      | a dream sheep changed into a sea snake
  8670 | D:8      | Identified the +7 falchion "Ovygen" {flame, rF+ Will+ Str+6
                  | Dex+2}
  8689 | D:8      | Noticed a swamp dragon
  9189 | D:8      | Noticed a water nymph
  9211 | D:9      | Found Xofras's Distillery.
  9213 | D:9      | Bought a potion of heal wounds for 60 gold pieces
  9213 | D:9      | Bought a potion of mutation for 96 gold pieces
  9262 | D:9      | Found a flagged portal.
  9277 | Bailey   | Entered a bailey
  9516 | Bailey   | Reached skill level 9 in Spellcasting
 11443 | D:9      | Noticed a wizard
 11478 | D:9      | Killed a wizard
 11479 | D:9      | Reached XP level 11. HP: 63/64 MP: 13/26
 11662 | D:9      | Noticed a centaur warrior
 11672 | D:9      | Killed a centaur warrior
 11673 | D:9      | Reached skill level 10 in Spellcasting
 11684 | D:9      | Noticed a tengu warrior
 11702 | D:9      | Killed a tengu warrior
 11887 | D:9      | Noticed a deep elf pyromancer
 11891 | D:9      | Killed a deep elf pyromancer
 11906 | D:9      | Noticed a fire dragon
 11913 | D:9      | Killed a fire dragon
 11919 | D:9      | Noticed a shock serpent
 12263 | D:9      | Noticed a mana viper
 12267 | D:9      | Killed a mana viper
 12431 | D:9      | Learned a level 1 spell: Animate Skeleton
 13144 | Lair:1   | Entered Level 1 of the Lair of Beasts
 13148 | Lair:1   | Noticed a four-headed hydra
 13175 | Lair:1   | Found a gate leading to a gauntlet.
 13185 | Gauntlet | Entered a Gauntlet
 13185 | Gauntlet | Found a transporter.
 13185 | Gauntlet | Found a transporter.
 13193 | Gauntlet | Found a transporter.
 13197 | Gauntlet | Found a transporter.
 13205 | Gauntlet | Found a transporter.
 13209 | Gauntlet | Found a transporter.
 13211 | Gauntlet | Noticed a wretched star
 13217 | Gauntlet | Found a transporter.
 13230 | Gauntlet | Found a transporter.
 13247 | Gauntlet | Found a transporter.
 13251 | Gauntlet | Found a transporter.
 13254 | Gauntlet | Noticed an oklob plant
 13260 | Gauntlet | Found a transporter.
 13263 | Gauntlet | Found a transporter.
 13263 | Gauntlet | Noticed a shining eye
 13618 | Gauntlet | Killed an oklob plant
 13623 | Gauntlet | Identified a scroll of acquirement
 13805 | Gauntlet | Identified the +1 pair of boots of Time Monsters {Fly Str+2
                  | SInv}
 13828 | Gauntlet | Noticed a minotaur
 13838 | Gauntlet | Mangled by a minotaur

Illustrated notes

Levels and vault maps discovered:
D:1:      lemuel_arrival_lava_pool, layout_basic,
          hellmonk_ecumenical_altar_lost_god
D:2:      layout_basic
D:3:      layout_basic, uniq_natasha
D:4:      layout_cave_pools, gammafunk_ghost_icy
D:5:      gammafunk_steamed_eel, layout_basic, minmay_temple_entry_stoned_glass
D:6:      nicolae_cairo_tiling_large, layout_cave_pools
D:7:      layout_rooms, minmay_ruffians
D:8:      layout_basic, erik_lair_orcish_takeover, minmay_hollow_rounded_squares
D:9:      hangedman_cross_cluster, layout_long_grid, serial_shops,
          nicolae_shop_hallway_stairs, enter_bailey_4, serial_bayou_pond_c
Temple:   nicolae_temple_the_god_donut
Lair:1:   layout_cave_shapes, gauntlet_entry_generic, beast_lair_carwin_9,
          grunt_megastairs_1
Gauntlet: minmay_gauntlet_77_indecision [minmay_gauntlet_arena_77_hold_the_fort,
          minmay_gauntlet_arena_77_p_blocks, minmay_gauntlet_arena_77_mirror,
          minmay_gauntlet_arena_77_checkered,
          minmay_gauntlet_arena_77_double_cross,
          minmay_gauntlet_arena_77_radiant_squares, gauntlet_exit_watery]

Skill      XL: |  1  2  3  4  5  6  7  8  9 10 11 |
---------------+----------------------------------+-----
Conjurations   | 1 2 4 5 6 7 8 |  8.7
Fighting       | 1 2 3 5 6 |  6.5
Stealth        | 3 4 5 |  5.0
Spellcasting   | 4 5 7 8 9 10 | 10.7
Dodging        | 3 4 5 6 7 |  7.4
Earth Magic    | 4 5 6 7 8 9 |  9.3
Armour         | 1 2 3 4 |  4.4
Shields        | 1 2 3 4 |  4.8
Transmutations | 2 3 |  3.0

Action                   |  1- 3 |  4- 6 |  7- 9 | 10-12 || total
-------------------------+-------+-------+-------+-------++-------
Melee: Dagger            |    32 |       |       |       ||    32
       Trident           |       |    31 |     4 |       ||    35
 Fire: Shortbow          |       |       |    44 |   172 ||   216
 Cast: Sandblast         |    44 |    33 |     5 |    11 ||    93
       Stone Arrow       |       |    11 |    75 |   133 ||   219
  Use: Scroll            |       |     4 |     2 |    16 ||    22
       Potion            |       |     1 |       |     6 ||     7
 Stab: Sleeping          |     2 |     7 |     1 |       ||    10
Armor: Robe              |     2 |       |       |     1 ||     3
       Leather armour    |     3 |    14 |     3 |       ||    20
       Steam dragon scal |       |       |     6 |    17 ||    23
       Fire dragon scale |       |       |       |     7 ||     7
Dodge: Dodged            |    27 |    17 |    28 |    56 ||   128
